 Dungeon Crawl Stone Soup version 0.27-a0-720-g3f424a255b (webtiles) character file.

Game seed: 12010483305285388071

0 Ijustatesigmund the Skirmisher (level 1, 0/18 HPs)
             Began as a Demonspawn Fighter on Mar 23, 2021.
             Slain by a hobgoblin (2 damage)
             ... on level 1 of the Dungeon.
             The game lasted 00:00:16 (145 turns).

Ijustatesigmund the Skirmisher (Demonspawn Fighter)  Turns: 145, Time: 00:00:17

Health: 0/18       AC:  6    Str: 16    XL:     1   Next: 8%
Magic:  1/1        EV:  6    Int:  9    God:
Gold:   27         SH:  8    Dex: 12    Spells: 0/0 levels left

rFire    . . .     SeeInvis .   a - +0 war axe
rCold    . . .     Faith    .   c - +0 kite shield
rNeg     . . .     Spirit   .   b - +0 scale mail
rPois    .         Reflect  .   (no helmet)
rElec    .         Harm     .   (no cloak)
rCorr    .         Rampage  .   (no gloves)
Will     .....                  (no boots)
Stlth    ..........             (no amulet)
HPRegen  0.06/turn              (no ring)
MPRegen  0.07/turn              (no ring)

@: no status effects
A: no striking features
a: no special abilities


You were on level 1 of the Dungeon.
You visited 1 branch of the dungeon, and saw 1 of its levels.

You collected 27 gold pieces.

Inventory:

Hand Weapons
 a - a +0 war axe (weapon)
Armour
 b - a +0 scale mail (worn)
 c - a +0 kite shield (worn)
Scrolls
 e - a scroll of identify {unknown}
Potions
 d - a potion of might


   Skills:
 + Level 3.0 Fighting
 * Level 1.8 Axes
 - Level 2.6 Armour
 + Level 0.0 Dodging
 - Level 2.6 Shields


You couldn't memorise any spells.
You didn't know any spells.
Your spell library was empty.

Dungeon Overview and Level Annotations

Branches:
Dungeon (1/15)

Altars:


Message History

No target in view!
No target in view!
No target in view!
No target in view!
No target in view!
HP restored.
You now have 27 gold pieces (gained 10).
A hobgoblin comes into view.
The hobgoblin shouts!
The hobgoblin hits you.
Your scale mail prevents you from hitting the hobgoblin.
The hobgoblin hits you but does no damage.
The hobgoblin hits you.
You barely miss the hobgoblin. You block the hobgoblin's attack.
You closely miss the hobgoblin. The hobgoblin hits you. x2
You hit the hobgoblin.
The hobgoblin is moderately wounded.
The hobgoblin hits you but does no damage.
You block the hobgoblin's attack.
You hit the hobgoblin but do no damage.
The hobgoblin is moderately wounded.
The hobgoblin hits you.
* * * LOW HITPOINT WARNING * * *
You are too injured to fight recklessly!
You are too injured to fight recklessly!
You closely miss the hobgoblin.
The hobgoblin is moderately wounded.
The hobgoblin completely misses you. You block the hobgoblin's attack.
You closely miss the hobgoblin.
The hobgoblin is moderately wounded.
The hobgoblin hits you.
* * * LOW HITPOINT WARNING * * *
You block the hobgoblin's attack.
You hit the hobgoblin but do no damage. The hobgoblin hits you.
* * * LOW HITPOINT WARNING * * *
You hit the hobgoblin but do no damage. The hobgoblin barely misses you.
You block the hobgoblin's attack.
Your scale mail prevents you from hitting the hobgoblin.
The hobgoblin completely misses you. The hobgoblin hits you.
You die...

#.........##..##.#..###
#.......^.#....#.#..#
+........ +)...+....# #...####
#....###..# #...# #.....##..#
##...# ##.....##..# #....+
........>#..#
#.#######....#########.......#
..........#....@g....+.......#
.###....##.##....####...###.#
+....+...+....+ +...+...#
#....##.##....# #...###.#
#....##.####### #...# #.#
+....+..# #... #.# ##....####
#... #.# #.....# #.#
#.....###################.#


You could see a hobgoblin.

Vanquished Creatures
  A bat (D:1)
1 creature vanquished.

Notes
Turn   | Place    | Note
-------+----------+-------------------------------------------
     0 | D:1      | Ijustatesigmund the Demonspawn Fighter began the quest for
                  | the Orb.
     0 | D:1      | Reached XP level 1. HP: 18/18 MP: 1/1
   145 | D:1      | Slain by a hobgoblin

Illustrated notes

Levels and vault maps discovered:
D:1:      lemuel_arrival_hallway, layout_basic, chequers_serial_rivers_small_b,
          minivault_27

Action                   || total
-------------------------++-------
Melee: War axe           ||    27
Armor: Scale mail        ||    17
Dodge: Dodged            ||    15
Block: Kite shield       ||    20

Table legend: (Time is in decaauts)
 A = Elapsed time spent in this place.
 B = Non-inter-level travel time spent in this place.
 C = Inter-level travel time spent in this place.
 D = Time resting spent in this place.
 E = Time spent auto-exploring this place.
 F = Levels seen in this place.
 G = Mean time per level.
                   A        B        C        D        E       F      G
               +--------+--------+--------+--------+--------+-----+--------+
         Total |    162 |    162 |      0 |      0 |    102 |   1 |  162.0 |
       Dungeon |    162 |    162 |      0 |      0 |    102 |   1 |  162.0 |
               +--------+--------+--------+--------+--------+-----+--------+

Top non-repeatable levels by time:
     D:1: 162 daAuts
